 Dungeon Crawl Stone Soup version 0.23.1-44-gbd83930989 (webtiles) character file.

Game seed: 11473585650764048176

51606 Peloso the Peltast (level 14, -4/127 HPs)
             Began as a Minotaur Fighter on Mar 31, 2019.
             Was the Champion of Okawaru.
             Killed from afar by a lindwurm (36 damage)
             ... with a blast of flame
             ... on level 6 of the Lair of Beasts.
             The game lasted 00:41:19 (17977 turns).

Peloso the Peltast (Minotaur Fighter)              Turns: 17977, Time: 00:41:20

Health: -4/127     AC: 17    Str: 25    XL:     14   Next: 24%
Magic:  15/15      EV:  8    Int:  5    God:    Okawaru [******]
Gold:   910        SH: 23    Dex: 11    Spells: 13/13 levels left

rFire    . . .     SeeInvis +   b - +2 scimitar (flame)
rCold    + . .     Gourm    .   c - +2 large shield
rNeg     . . .     Faith    +   x - +1 plate armour
rPois    .         Spirit   .   M - +1 hat {SInv}
rElec    .         Reflect  .   (no cloak)
rCorr    .         Harm     .   (no gloves)
MR       +....                  (no boots)
Stlth    ..........             I - amulet of faith
HPRegen  0.31/turn              X - ring of protection from cold
MPRegen  0.14/turn              k - ring of see invisible

@: very slightly contaminated, slowed, very slow
A: retaliatory headbutt, hooves 1, horns 2, high mp 1
a: Heroism, Finesse, Renounce Religion


You were on level 6 of the Lair of Beasts.
You worshipped Okawaru.
Okawaru was exalted by your worship.
You were hungry.

You visited 2 branches of the dungeon, and saw 18 of its levels.

You collected 1079 gold pieces.
You spent 169 gold pieces at shops.

Inventory:

Hand Weapons
 a - the +10 long sword "Soseokk" {elec, rF+ Int+8}
   (You found it on level 8 of the Dungeon)

   Occasionally, upon striking a foe, it will discharge some electrical energy
   and cause terrible harm.
   It affects your intelligence (+8).
   It protects you from fire.
 b - a +2 scimitar of flaming (weapon)
Armour
 c - a +2 large shield (worn)
 m - a +0 chain mail
 x - a +1 plate armour (worn)
 M - a +1 hat of see invisible (worn)
 P - a +1 hat of magic resistance
Jewellery
 k - a ring of see invisible (right hand)
 p - an uncursed ring of protection from fire
 t - the ring "Emomn" {Fire +Inv rPois Str-4 SInv}
   (You found it on level 1 of the Lair of Beasts)

   [ring of fire]

   It enhances your fire magic.
   It affects your strength (-4).
   It protects you from fire.
   It makes you vulnerable to cold.
   It protects you from poison.
   It lets you see invisible.
   It lets you turn invisible.
 B - an uncursed ring of resist corrosion
 I - an amulet of faith (around neck)
 O - an uncursed ring of protection from fire
 X - a ring of protection from cold (left hand)
Wands
 l - a wand of flame (8)
 z - a wand of acid (2)
 W - a wand of polymorph (12)
Scrolls
 h - 7 scrolls of remove curse
 i - 2 scrolls of identify
 j - a scroll of torment {unknown}
 n - 3 scrolls of noise
 r - 16 scrolls of teleportation
 v - 2 scrolls of amnesia
 w - 3 scrolls of blinking
 J - 4 scrolls of fear {unknown}
 N - 2 scrolls of random uselessness {unknown}
 Q - 2 scrolls of summoning {unknown}
 R - a scroll of holy word
 V - 4 scrolls of magic mapping
 Z - a scroll of silence
Potions
 d - 3 potions of might
 e - a potion of berserk rage
 g - a potion of mutation
 o - 2 potions of flight
 q - 2 potions of agility
 s - a potion of invisibility
 u - 3 potions of curing
 H - a potion of resistance
 Y - 5 potions of haste
Miscellaneous
 y - a phantom mirror
Comestibles
 f - 31 rations


   Skills:
 + Level 12.6 Fighting
 + Level 14.9 Long Blades
 + Level 13.0 Armour
 + Level 4.7 Dodging
 + Level 1.3 Stealth
 + Level 17.1 Shields
 + Level 1.7 Invocations


You had 13 spell levels left.
You didn't know any spells.
Your spell library contained the following spells:

 Spells                   Type           Power        Failure   Level  Hunger
 Animate Skeleton         Necr           N/A          100%        1    ##.....
 Beastly Appendage        Tmut           #.....       100%        1    ##.....
 Confusing Touch          Hex            #.....       100%        1    ##.....
 Freeze                   Ice            #...         100%        1    ##.....
 Magic Dart               Conj           #...         100%        1    ##.....
 Pain                     Necr           #...         100%        1    ##.....
 Blink                    Tloc           N/A          100%        2    ###....
 Call Imp                 Summ           #.......     100%        2    ###....
 Slow                     Hex            #.......     100%        2    ###....
 Sticks to Snakes         Tmut           #.......     100%        2    ###....
 Throw Frost              Conj/Ice       #.....       100%        2    ###....
 Confuse                  Hex            #.......     100%        3    ####...
 Conjure Flame            Conj/Fire      #.......     100%        3    ####...
 Gell's Gravitas          Tloc           #.........   100%        3    ####...
 Mephitic Cloud           Conj/Pois/Air  #.......     100%        3    ####...
 Ozocubu's Armour         Chrm/Ice       #.......     100%        3    ####...
 Regeneration             Chrm/Necr      #.........   100%        3    ####...
 Spider Form              Tmut/Pois      #.........   100%        3    ####...
 Vampiric Draining        Necr           #.........   100%        3    ####...
 Animate Dead             Necr           N/A          100%        4    #####..
 Ice Form                 Ice/Tmut       #.......     100%        4    #####..
 Petrify                  Tmut/Erth      #.......     100%        4    #####..
 Summon Ice Beast         Ice/Summ       #.......     100%        4    #####..
 Throw Icicle             Conj/Ice       #.......     100%        4    #####..
 Blade Hands              Tmut           #.........   100%        5    ######.
 Metabolic Englaciation   Hex/Ice        #.........   100%        5    ######.
 Yara's Violent Unravell  Hex/Tmut       #.........   100%        5    ######.


Dungeon Overview and Level Annotations

Branches:
Dungeon (12/15)            Temple (0/1) D:7            Lair (6/6) D:10
 Shoals (0/4) Lair:4        Snake (0/4) Lair:2          Orc (0/2) D:9
  Slime: Lair:5-6

Altars:
Cheibriados
Fedhas
Okawaru
Qazlal
Vehumet
The Shining One
Beogh

Shops:
D:10 !   D:12 *


Innate Abilities, Weirdness & Mutations

You reflexively headbutt those who attack you in melee.
You have a pair of horns on your head.
You have large cloven feet.
You have an increased reservoir of magic. (+10% MP)


Message History

The blink frog closely misses you. You furiously retaliate!
You headbutt the blink frog. You block the lindwurm's attack.
The lindwurm misses you. You block the lindwurm's attack.
You block the yak's attack. The blink frog hits you.
* * * LOW HITPOINT WARNING * * *
Your plate armour prevents you from hitting the lindwurm.
You kick the lindwurm, but do no damage.
Your headbutt misses the lindwurm.
The lindwurm is moderately wounded.
You block the lindwurm's attack. x3; The blink frog hits you!
* * * LOW HITPOINT WARNING * * *
The yak closely misses you.
The blink frog blinks!
You block the lindwurm's attack.
The lindwurm claws you but does no damage. x2
You feel much better. You block the blink frog's attack.
The blink frog blinks!
You block the yak's attack. You block the blink frog's attack.
The blink frog hits you but does no damage.
The lindwurm breathes flames at you. The blast of flame hits you!!!
You die...

##..........................#####
..♣..$...........................
§.......†........................
§§................♣...#..........
♣..................#.##.....÷.÷..
.....†.†.............##.P..÷÷<...
.†.......8..........P§..PP.......
.............§.k......P.P........
..............wF@......P.........
♣♣............(YF.F...###...#..P#
................F....## #...#.###
#.♣...........$...#..# ##P..##
#....................# ##..#
#.♣.♣.........♣♣.♣##..# ....#
..[..♣♣.......♣♣♣# #.# .....
...........♣.#.♣ ## .....
.................


You could see a torpor snail, a lindwurm, a yak and 4 blink frogs.

Vanquished Creatures
  Gastronok (D:11)
  Nessos (Lair:6)
  Snorg (D:11)
  The ghost of sjiht001 the Fighter, a journeyman MiHu of Makhleb (Lair:1)
  5 hydras
  Harold (D:9)
  An ice dragon (Lair:1)
  5 death yaks
  A two-headed ogre (D:12)
  The ghost of M4edhros the Purifying Octopus, a journeyman OpAr of Elyvilon (D:11)
  A tengu warrior (D:10)
  An unseen horror (D:9)
  Pikel (D:5)
  An oklob plant (D:10)
  A wolf spider (Lair:4)
  An elephant (Lair:5)
  2 manticores (D:12)
  Joseph (D:9)
  6 black mambas
  2 orange demons (D:12)
  7 spiny frogs
  3 komodo dragons
  5 rime drakes
  An efreet (D:10)
  A polar bear (Lair:2)
  A troll (D:12)
  A hornet (D:12)
  3 slime creatures (D:12)
  Grinder (D:3)
  12 blink frogs
  The ghost of Jabberih the Grave Robber, an amateur DsNe (D:4)
  5 hippogriffs
  5 dream sheep (Lair:5)
  2 shadows (D:11)
  A spriggan (Lair:4)
  37 yaks
  A human (D:7)
  Grum (D:8)
  2 wyverns
  4 hogs (D:7)
  3 hungry ghosts
  A vampire mosquito (D:10)
  2 wargs (D:9)
  Edmund (D:6)
  6 nagas (Lair:2)
  A soldier ant (D:12)
  16 water moccasins
  7 porcupines
  2 black bears
  2 hornet zombies
  An ice beast (D:5)
  8 orc warriors
  Duvessa (D:7)
  2 sky beasts
  3 necrophages
  5 ogres
  4 phantoms
  35 wolves
  7 crocodiles
  11 centaurs
  17 bullfrogs
  A gnoll sergeant (D:7)
  Dowan (D:7)
  A spiny frog simulacrum (Lair:1)
  A water moccasin zombie (D:8)
  10 scorpions
  9 killer bees
  3 spriggan skeletons (D:9)
  3 howler monkeys
  4 electric eels (Lair:2)
  4 crimson imps
  A bullfrog zombie (D:11)
  A quasit (D:7)
  3 hounds
  2 wyvern simulacra (Lair:1)
  A hippogriff simulacrum (Lair:1)
  3 jellies
  3 centaur skeletons
  12 orc priests
  2 bullfrog skeletons
  12 orc wizards
  2 water moccasin simulacra (Lair:1)
  A gnoll shaman (D:5)
  4 iguanas
  15 worker ants
  A porcupine simulacrum (Lair:1)
  17 gnolls
  5 howler monkey skeletons
  10 adders
  2 shadow imps
  An ooze (D:1)
  2 adder zombies
  An adder skeleton (D:7)
  2 worms
  2 dart slugs (D:1)
  7 leopard geckos
  55 orcs
  4 ball pythons
  3 giant cockroaches
  7 goblins
  5 hobgoblins
  13 jackals
  10 kobolds
  4 quokkas
  7 bats
  8 frilled lizards
  A quokka skeleton (D:4)
  8 rats
  2 plants
540 creatures vanquished.

Vanquished Creatures (others)
  A killer bee (D:8)
  An orc (D:5)
  15 fungi
  11 plants
28 creatures vanquished.

Grand Total: 568 creatures vanquished

Notes
Turn   | Place    | Note
-------+----------+-------------------------------------------
     0 | D:1      | Peloso the Minotaur Fighter began the quest for the Orb.
     0 | D:1      | Reached XP level 1. HP: 19/19 MP: 0/0
    54 | D:1      | Reached XP level 2. HP: 13/27 MP: 1/1
    63 | D:1      | Gained mutation: You have large cloven feet. [potion of
                  | mutation]
    63 | D:1      | Gained mutation: You have an increased reservoir of magic.
                  | (+10% MP) [potion of mutation]
   112 | D:1      | Reached skill level 4 in Shields
   250 | D:1      | Reached XP level 3. HP: 30/33 MP: 2/2
   520 | D:2      | Reached skill level 1 in Dodging
   520 | D:2      | Reached XP level 4. HP: 35/40 MP: 3/3
   585 | D:2      | Found a blossoming altar of Fedhas.
   623 | D:2      | Found a stormy altar of Qazlal.
   632 | D:2      | Found a faded altar of an unknown god.
   949 | D:3      | Reached skill level 5 in Shields
   973 | D:3      | Found a glowing golden altar of the Shining One.
  1018 | D:3      | Noticed Grinder
  1034 | D:3      | Paralysed by Grinder for 7 turns
  1053 | D:3      | Paralysed by Grinder for 6 turns
  1062 | D:3      | Killed Grinder
  1062 | D:3      | Reached skill level 5 in Armour
  1062 | D:3      | Reached XP level 5. HP: 6/47 MP: 4/4
  1062 | D:3      | Reached XP level 6. HP: 6/53 MP: 5/5
  1659 | D:4      | You fall through a shaft!
  1659 | D:5      | Entered Level 5 of the Dungeon
  1731 | D:5      | Noticed a water moccasin
  1739 | D:5      | Killed a water moccasin
  1739 | D:5      | Reached skill level 5 in Long Blades
  1739 | D:5      | Reached skill level 6 in Shields
  1739 | D:5      | Reached XP level 7. HP: 57/60 MP: 6/6
  1792 | D:5      | Noticed Pikel
  1819 | D:5      | Killed Pikel
  1819 | D:5      | Reached skill level 5 in Fighting
  1819 | D:5      | Reached XP level 8. HP: 47/68 MP: 7/7
  1914 | D:5      | Reached skill level 7 in Shields
  3129 | D:4      | Found a runed translucent gate.
  3130 | D:4      | Found a runed translucent gate.
  3131 | D:4      | Found a runed translucent gate.
  3131 | D:4      | Noticed Jabberih's ghost (amateur DsNe)
  3463 | D:4      | Identified the cursed +1 whip of Oenomania {speed, Str+4
                  | Int+3}
  3463 | D:4      | Identified the +0 scale mail of Tizeteah {+Inv}
  3465 | D:4      | Found a roughly hewn altar of Beogh.
  4272 | D:6      | Reached XP level 9. HP: 49/78 MP: 8/8
  4381 | D:6      | Reached skill level 8 in Shields
  4394 | D:6      | Noticed Edmund
  4424 | D:6      | Killed Edmund
  5412 | D:7      | Reached skill level 10 in Long Blades
  5514 | D:7      | Found a staircase to the Ecumenical Temple.
  5540 | D:7      | Noticed Duvessa
  5541 | D:7      | Noticed Dowan
  5561 | D:7      | Killed Duvessa
  5567 | D:7      | Killed Dowan
  5701 | D:7      | Reached skill level 9 in Shields
  6131 | D:7      | Identified a scroll of acquirement
  6253 | D:4      | Killed Jabberih's ghost
  6253 | D:4      | Reached XP level 10. HP: 59/86 MP: 10/10
  6407 | D:8      | Found a radiant altar of Vehumet.
  7200 | D:8      | Noticed Grum
  7229 | D:8      | Killed Grum
  7286 | D:8      | Found a snail-covered altar of Cheibriados.
  7374 | D:8      | Found an iron altar of Okawaru.
  7380 | D:8      | Became a worshipper of Warmaster Okawaru
  7423 | D:8      | Got an encrusted long sword
  7424 | D:8      | Identified the +10 long sword "Soseokk" {elec, rF+ Int+8}
                  | (You found it on level 8 of the Dungeon)
  7687 | D:9      | Noticed Harold
  7706 | D:9      | Killed Harold
  7706 | D:9      | Reached skill level 10 in Shields
  7707 | D:9      | Noticed Joseph
  7717 | D:9      | Killed Joseph
  7717 | D:9      | Reached * piety under Okawaru
  7839 | D:9      | Found a staircase to the Orcish Mines.
  8259 | D:9      | Reached XP level 11. HP: 97/97 MP: 11/11
  8270 | D:9      | Reached ** piety under Okawaru
  8299 | D:9      | Noticed an unseen horror
  8303 | D:9      | Killed an unseen horror
  8517 | D:10     | Entered Level 10 of the Dungeon
  8523 | D:10     | Found Wopseff's Distillery.
  8532 | D:10     | Bought a potion of mutation for 104 gold pieces
  8532 | D:10     | Bought a potion of heal wounds for 65 gold pieces
  8564 | D:10     | Found a staircase to the Lair.
  8580 | D:10     | Noticed an oklob plant
  8602 | D:10     | Reached skill level 11 in Shields
  8919 | D:10     | Reached *** piety under Okawaru
  9218 | D:10     | Noticed a tengu warrior
  9238 | D:10     | Killed a tengu warrior
  9238 | D:10     | Reached **** piety under Okawaru
  9544 | D:10     | Reached skill level 12 in Shields
  9556 | D:10     | Reached skill level 10 in Armour
  9768 | D:10     | Killed an oklob plant
  9768 | D:10     | Reached ***** piety under Okawaru
  9923 | D:11     | Found the +6 Majin-Bo {vamp, Archmagi MP+6 Int+6}
  9940 | D:11     | Noticed Snorg
  9958 | D:11     | HP: 4/99 [howler monkey (2)]
  9959 | D:11     | HP: 1/99 [Snorg (3)]
  9962 | D:11     | Killed Snorg
  9962 | D:11     | Received a gift from Okawaru
 10317 | D:11     | Found a runed translucent door.
 10379 | D:11     | Noticed M4edhros's ghost (journeyman OpAr)
 10387 | D:11     | Killed M4edhros's ghost
 10387 | D:11     | Reached skill level 13 in Shields
 10460 | D:11     | Noticed Gastronok
 10471 | D:11     | Killed Gastronok
 10471 | D:11     | Reached XP level 12. HP: 63/106 MP: 10/12
 10492 | D:11     | Reached skill level 10 in Fighting
 10813 | D:12     | Noticed a two-headed ogre
 10821 | D:12     | Killed a two-headed ogre
 10821 | D:12     | Reached skill level 1 in Invocations
 11008 | D:12     | Found Deetseb's Assorted Antiques.
 11213 | D:12     | Received a gift from Okawaru
 11452 | D:12     | Reached skill level 14 in Shields
 11978 | Lair:1   | Entered Level 1 of the Lair of Beasts
 12112 | Lair:1   | Found a runed translucent gate.
 12112 | Lair:1   | Found a runed translucent gate.
 12116 | Lair:1   | Found a runed translucent gate.
 12175 | Lair:1   | Received a gift from Okawaru
 12224 | Lair:1   | Noticed an ice dragon
 12224 | Lair:1   | Noticed sjiht001's ghost (journeyman MiHu)
 12705 | Lair:2   | Received a gift from Okawaru
 12881 | Lair:2   | Received a gift from Okawaru
 12884 | Lair:2   | Reached XP level 13. HP: 62/116 MP: 14/14
 13092 | Lair:2   | Found a staircase to the Snake Pit.
 13366 | Lair:3   | Reached skill level 15 in Shields
 13484 | Lair:3   | Reached ****** piety under Okawaru
 14209 | Lair:4   | Found a staircase to the Shoals.
 15274 | Lair:5   | Reached skill level 1 in Stealth
 15997 | Lair:5   | Received a gift from Okawaru
 16434 | Lair:1   | Killed sjiht001's ghost
 16434 | Lair:1   | Reached skill level 16 in Shields
 16443 | Lair:1   | Received a gift from Okawaru
 16477 | Lair:1   | Got the ring "Emomn" {Fire}
 16496 | Lair:1   | Identified the ring "Emomn" {Fire +Inv rPois Str-4 SInv}
                  | (You found it on level 1 of the Lair of Beasts)
 16574 | Lair:6   | Entered Level 6 of the Lair of Beasts
 16646 | Lair:6   | Noticed Nessos
 16672 | Lair:6   | Killed Nessos
 17211 | Lair:6   | Reached XP level 14. HP: 108/127 MP: 15/15
 17441 | Lair:5   | Received a gift from Okawaru
 17873 | Lair:6   | Reached skill level 17 in Shields
 17977 | Lair:6   | Killed from afar by a lindwurm

Skill      XL: |  1  2  3  4  5  6  7  8  9 10 11 12 13 14 |
---------------+-------------------------------------------+-----
Shields        | 4 5 6 7 9 10 13 14 16 17 | 17.1
Armour         | 4 5 6 8 9 10 11 12 13 | 13.0
Long Blades    | 3 4 5 7 8 10 12 13 14 | 14.9
Dodging        | 1 2 3 4 |  4.7
Fighting       | 4 5 6 7 9 11 12 | 12.6
Invocations    | 1 |  1.7
Stealth        | 1 |  1.3

Action                   |  1- 3 |  4- 6 |  7- 9 | 10-12 | 13-15 || total
-------------------------+-------+-------+-------+-------+-------++-------
Melee: Long sword        |    78 |   124 |   364 |   683 |   366 ||  1615
       Headbutt          |    11 |    25 |    75 |   134 |    96 ||   341
       Kick              |    11 |    40 |   130 |   228 |   141 ||   550
       Scimitar          |       |       |       |       |    67 ||    67
Invok: Heroism           |       |       |       |     2 |     1 ||     3
  Use: Potion            |     1 |       |       |     2 |     2 ||     5
       Scroll            |       |       |    16 |     4 |     5 ||    25
  Eat: Chunk             |       |     3 |    12 |    21 |     6 ||    42
       Ration            |       |       |     1 |     1 |     3 ||     5
Armor: Scale mail        |    28 |       |       |       |       ||    28
       Chain mail        |     6 |    58 |    50 |       |       ||   114
       Plate armour      |       |       |    74 |   233 |   145 ||   452
Dodge: Dodged            |    33 |    50 |    96 |   140 |    95 ||   414
Block: Shield            |    63 |    89 |   202 |    84 |       ||   438
       Large shield      |       |       |       |   608 |   542 ||  1150
       Rpst.: Long sword |     9 |    13 |    28 |    34 |    20 ||   104
       Scimitar          |       |       |       |       |     1 ||     1
